 Dungeon Crawl Stone Soup version 0.28-a0-114-g2bf3c13a2f (webtiles) character file.

Game seed: 12350331646668138055

679 Runia the Fighter (level 7, -2/53 (68) HPs)
             Began as a Minotaur Berserker on Aug 1, 2021.
             Was a Priest of Trog.
             Slain by Duvessa (7 damage)
             ... on level 5 of the Dungeon on Aug 13, 2021.
             The game lasted 00:24:55 (5861 turns).

Runia the Fighter (Minotaur Berserker)              Turns: 5861, Time: 00:24:56

HP:   -2/53 (68)    AC:  8    Str: 24    XL:     7   Next: 34%
MP:   6/6           EV:  9    Int:  4    God:    Trog [***...]
Gold: 155           SH:  9    Dex:  9    Spells: 6/6 levels left

rFire   . . .      SeeInvis .   a - +0 hand axe
rCold   . . .      Faith    .   e - +0 kite shield
rNeg    . . .      Spirit   .   i - +0 ring mail
rPois   .          Reflect  .   (helmet restricted)
rElec   .          Harm     .   (no cloak)
rCorr   .          Rampage  .   f - +2 pair of gloves
Will    ++...                   (no boots)
Stlth   ..........              (no amulet)
HPRegen 1.17/turn               (no ring)
MPRegen 0.10/turn               (no ring)

@: strong-willed, on berserk cooldown, regenerating, slowed, heavily drained,
very slow
A: horns 2, retaliatory headbutt
a: Renounce Religion, Berserk, Trog's Hand


You were on level 5 of the Dungeon.
You worshipped Trog.
Trog was most pleased with you.
You visited 1 branch of the dungeon, and saw 5 of its levels.

You collected 155 gold pieces.

Inventory:

Hand Weapons
 a - a +0 hand axe (weapon)
Missiles
 r - 25 poisoned darts
Armour
 b - a +0 animal skin
 e - a +0 kite shield (worn)
 f - a +2 pair of gloves (worn)
 g - a +0 robe
 i - a +0 ring mail (worn)
Jewellery
 n - a ring of magical power
 q - a ring of protection from fire
Wands
 u - a wand of paralysis (5)
 v - a wand of flame (12)
Scrolls
 d - 5 scrolls of identify {unknown}
 j - a scroll of teleportation {unknown}
 k - a scroll of acquirement {unknown}
 l - a scroll of fog {unknown}
 m - 2 scrolls of enchant armour {unknown}
 o - 2 scrolls of noise {unknown}
 s - a scroll of magic mapping {unknown}
Potions
 c - a potion of mutation {unknown}
 h - 2 potions of brilliance {unknown}
 p - 2 potions of degeneration {unknown}
 t - a potion of attraction {unknown}


   Skills:
 - Level 8.0 Fighting
 + Level 6.1 Axes
 - Level 2.5 Armour
 - Level 2.2 Dodging
 - Level 4.0 Shields


You had 6 spell levels left.
You didn't know any spells.
Your spell library contained the following spells:

 Spells                   Type           Power      Damage    Failure   Level
 Corona                   Hex            0%         N/A       98%         1
 Ensorcelled Hibernation  Hex/Ice        0%         N/A       99%         2
 Tukima's Dance           Hex            0%         N/A       100%        3


Dungeon Overview and Level Annotations

Branches:
Dungeon (5/15)
 Temple: D:4-7

Altars:
The Shining One

Annotations:
D:5 Duvessa


Innate Abilities, Weirdness & Mutations

You have a pair of horns on your head.
You reflexively headbutt those who attack you in melee.


Message History

Duvessa seems to speed up.
You block Duvessa's attack. Dowan hits you with a +0 dagger.
Duvessa hits you with a +2 short sword of draining.
You feel drained.
You take 6 damage, and have 40/59 hp.
You hit Duvessa but do no damage. You hit Dowan.
You kill Dowan!
Trog accepts your kill.
Trog appreciates your killing of a magic user.
Duvessa weeps, then rights herself and shakes her weapon.
Duvessa goes berserk!
Duvessa hits you but does no damage.
You feel drained.
Duvessa hits you with a +2 short sword of draining!
You feel drained.
Duvessa hits you with a +2 short sword of draining!
You feel drained.
* * * LOW HITPOINT WARNING * * *
Your Axes skill increases to level 6!
You take 25 damage, and have 15/56 hp.
MASSIVE DAMAGE!!
Unknown command.
You hit Duvessa but do no damage.
Your skin stops crawling.
You feel less strong-willed.
Duvessa hits you with a +2 short sword of draining!
* * * LOW HITPOINT WARNING * * *
You feel drained.
* * * LOW HITPOINT WARNING * * *
Duvessa hits you with a +2 short sword of draining.
* * * LOW HITPOINT WARNING * * *
You feel drained.
You take 14 damage, and have 1/53 hp.
MASSIVE DAMAGE!!
Your skin crawls.
You feel strong-willed. Duvessa closely misses you. Duvessa barely misses you.
You regained 2 hp, and now have 3/53 hp.
You closely miss Duvessa. You block Duvessa's attack.
Duvessa hits you with a +2 short sword of draining!
You die...

#..............#......#........
#..............#......#........
#.....)#########....>.#........
#......#......######'##........
#......#......#................
+......#......#........#######.
#......#......#........# .
#......'......#........#
#......#......@e.......#
..[.....########).......#
.........................
................########........
................'e.....#........
.....>..........#e...:.#....e...
................#......+ ...e...
#########......# ...... ######'#
....


You could see Duvessa (berserk, fast).

Vanquished Creatures
  An orc warrior (D:4)
  A scorpion (D:4)
  A wyvern zombie (D:5)
  Dowan (D:5)
  A hound (D:5)
  An orc priest (D:4)
  2 jellies (D:5)
  Ijyb (D:5)
  4 hound skeletons (D:4)
  Robin (D:4)
  5 adders
  3 gnolls (D:2)
  An ufetubus (D:3)
  3 worms (D:2)
  A dart slug (D:3)
  10 orcs
  4 bats
  4 endoplasms
  18 goblins
  11 hobgoblins
  4 jackals
  5 kobolds
  6 quokkas
  13 ball pythons
  11 frilled lizards
  6 rats
119 creatures vanquished.

Vanquished Creatures (others)
  9 plants (D:3)
9 creatures vanquished.

Grand Total: 128 creatures vanquished

Notes
Turn   | Place    | Note
-------+----------+-------------------------------------------
     0 | D:1      | Runia the Minotaur Berserker began the quest for the Orb.
     0 | D:1      | Reached XP level 1. HP: 19/19 MP: 0/0
   737 | D:1      | Reached skill level 1 in Shields
   737 | D:1      | Reached XP level 2. HP: 23/27 MP: 1/1
  1694 | D:2      | Reached XP level 3. HP: 33/33 MP: 2/2
  1884 | D:2      | Upgraded the game from 0.28-a0-71-g84acfa7270 to
                  | 0.28-a0-114-g2bf3c13a2f
  3151 | D:2      | Reached ** piety under Trog
  3152 | D:2      | Reached XP level 4. HP: 26/40 MP: 3/3
  3338 | D:2      | Found a faded altar of an unknown god.
  3409 | D:2      | Reached skill level 4 in Fighting
  3907 | D:3      | Reached skill level 5 in Fighting
  3920 | D:3      | Reached XP level 5. HP: 48/48 MP: 4/4
  4049 | D:3      | You fall into a shaft and drop 1 floor!
  4202 | D:4      | Reached skill level 6 in Fighting
  4267 | D:4      | Reached *** piety under Trog
  4462 | D:4      | Noticed an orc warrior
  4475 | D:4      | Reached XP level 6. HP: 54/58 MP: 5/5
  4482 | D:4      | Killed an orc warrior
  4483 | D:4      | Reached skill level 7 in Fighting
  4982 | D:4      | Noticed Robin
  5004 | D:4      | Killed Robin
  5125 | D:4      | Found a glowing golden altar of the Shining One.
  5247 | D:4      | Reached skill level 8 in Fighting
  5300 | D:5      | Entered Level 5 of the Dungeon
  5403 | D:5      | Reached XP level 7. HP: 30/68 MP: 6/6
  5623 | D:5      | Noticed Ijyb
  5647 | D:5      | Killed Ijyb
  5648 | D:5      | Reached skill level 5 in Axes
  5816 | D:5      | Noticed Duvessa
  5816 | D:5      | Noticed Dowan
  5858 | D:5      | Killed Dowan
  5859 | D:5      | HP: 1/54 [Duvessa (5)]
  5861 | D:5      | Slain by Duvessa

Illustrated notes

Levels and vault maps discovered:
D:1:      saegor_arrival_simple_b, layout_loops_cross, kennysheep_nondescript
D:2:      minmay_recursive_quarters, layout_rooms,
          chequers_ecumenical_altar_island
D:3:      layout_rooms, minmay_lizard_king
D:4:      minmay_skewed_foursquare, layout_basic, overflow_temple_1_default,
          uniq_robin
D:5:      minmay_chambers_of_fours, layout_gridville, uniq_ijyb, uniq_duvessa

Skill      XL: |  1  2  3  4  5  6  7 |
---------------+----------------------+-----
Axes           | 4 6 |  6.1
Shields        | 1 2 4 |  4.0
Fighting       | 5 6 8 |  8.0
Armour         | |  2.5
Dodging        | |  2.2

Action                   |  1- 3 |  4- 6 |  7- 9 || total
-------------------------+-------+-------+-------++-------
Melee: Hand axe          |   110 |   183 |    42 ||   335
       Headbutt          |    17 |    32 |     2 ||    51
Invok: Berserk           |     2 |     2 |     1 ||     5
       Trog's Hand       |       |     1 |     5 ||     6
Evoke: Wand              |       |       |     1 ||     1
Armor: Ring mail         |    30 |    56 |     8 ||    94
       Animal skin       |     6 |       |       ||     6
Dodge: Dodged            |    37 |    54 |     8 ||    99
Block: Kite shield       |    45 |    82 |    25 ||   152

Table legend: (Time is in decaauts)
 A = Elapsed time spent in this place.
 B = Non-inter-level travel time spent in this place.
 C = Inter-level travel time spent in this place.
 D = Time resting spent in this place.
 E = Time spent auto-exploring this place.
 F = Levels seen in this place.
 G = Mean time per level.
                   A        B        C        D        E       F      G
               +--------+--------+--------+--------+--------+-----+--------+
         Total |   5996 |   5871 |    125 |   1961 |   2759 |   5 | 1199.2 |
       Dungeon |   5996 |   5871 |    125 |   1961 |   2759 |   5 | 1199.2 |
               +--------+--------+--------+--------+--------+-----+--------+

Top non-repeatable levels by time:
     D:2: 2295 daAuts
     D:1: 1535 daAuts
     D:4: 1297 daAuts
     D:5: 573 daAuts
     D:3: 294 daAuts
